 Dungeon Crawl Stone Soup version 0.15-a0-123-geffbfde (webtiles) character file.

8439 Qrupt the Impaler (level 11, -1/85 HPs)
             Began as a Merfolk Gladiator on Apr 11, 2014.
             Was a Priest of Fedhas.
             Slain by a crocodile (16 damage)
             ... on Level 1 of the Lair of Beasts.
             The game lasted 00:44:56 (11878 turns).

Qrupt the Impaler (Merfolk Gladiator)              Turns: 11878, Time: 00:44:56

HP  -1/85        AC  9     Str 16      XL: 11   Next: 22%
MP  11/11        EV 19     Int  8      God: Fedhas [***...]
Gold 513         SH  0     Dex 17      Spells:  0 memorised, 10 levels left

rFire  + . .     SeeInvis .     e - +1,+0 glaive
rCold  + . .     Clarity  .     D - +0 ring mail
rNeg   . . .     Conserve .     (no shield)
rPois  +         rCorr    .     c - +1 helmet
rElec  +         rRot     .     J - +0 cloak
SustAb . .       Spirit   .     (no gloves)
rMut   .         Warding  .     j - +0 pair of boots
Saprov . . .     Stasis   .     (no amulet)
MR     .....                    (no ring)
                                (no ring)

@: not resistant to hostile enchantments, very unstealthy
A: change form in water, swift swim, repulsion field 1
a: Evolution, Sunlight, Growth, Renounce Religion


You were on level 1 of the Lair of Beasts.
You worshipped Fedhas.
Fedhas was most pleased with you.
You were not hungry.

You visited 2 branches of the dungeon, and saw 10 of its levels.
You also visited: Sewer and Bailey.

You collected 513 gold pieces.

Inventory:

Hand weapons
 a - a +0,+0 trident
 e - a +1,+0 glaive (weapon)
 Q - a +2,+0 dagger of chaos
Missiles
 d - 4 throwing nets
 N - 16 stones (quivered)
Armour
 c - a +1 helmet (worn)
 j - a +0 pair of boots (worn)
 C - a +0 buckler of fire resistance
 D - a +0 ring mail (worn)
 J - a +0 cloak (worn)
Magical devices
 l - a wand of confusion (12)
 O - a wand of paralysis (0)
 P - a wand of draining (0)
 R - a wand of disintegration (16) {unknown}
 S - a wand of digging (9) {unknown}
Comestibles
 f - 5 bread rations
 g - 3 pears
 n - 2 apricots
 u - 15 grapes
 A - 2 meat rations
 V - 6 beef jerkies
Scrolls
 b - a scroll of summoning {unknown}
 i - a scroll of immolation
 m - 4 scrolls of identify
 q - 2 scrolls of enchant armour
 s - 5 scrolls of teleportation
 t - a scroll of magic mapping
 y - 2 scrolls of blinking
 G - a scroll of recharging
 H - 5 scrolls of remove curse
 T - 3 scrolls of fog
 W - a scroll of enchant weapon III {unknown}
Jewellery
 v - an uncursed ring of ice
 B - an uncursed amulet of guardian spirit {unknown}
 E - a +3 ring of evasion {unknown}
 K - an uncursed ring of protection from fire {unknown}
Potions
 o - 2 potions of heal wounds {unknown}
 p - 2 potions of curing
 w - a potion of agility
 x - 2 potions of magic
 z - 3 potions of flight
 F - a potion of brilliance {unknown}
 L - a potion of paralysis {unknown}
 M - 2 potions of resistance
Books
 h - Sif Muna's Catalogue of Moulding
   (You found it in a bailey)

   Spells                             Type                      Level
   Spider Form                        Transmutation/Poison         3
   Petrify                            Transmutation/Earth          4
   Dragon Form                        Transmutation                7
 r - a book of Debilitation

   Spells                             Type                      Level
   Corona                             Hexes                        1
   Slow                               Hexes                        2
   Inner Flame                        Hexes/Fire                   3
   Enslavement                        Hexes                        4
   Cause Fear                         Hexes                        4
   Leda's Liquefaction                Hexes/Earth                  4
 I - a book of Necromancy

   Spells                             Type                      Level
   Pain                               Necromancy                   1
   Animate Skeleton                   Necromancy                   1
   Lethal Infusion                    Charms/Necromancy            2
   Vampiric Draining                  Necromancy                   3
   Regeneration                       Charms/Necromancy            3
   Animate Dead                       Necromancy                   4
   Control Undead                     Necromancy                   4
 U - a Necronomicon {highlevel, unknown}

   This book is beyond your current level of understanding.

   Spells                             Type                      Level
   Haunt                              Necromancy/Summoning         7
   Borgnjor's Revivification          Necromancy                   8
   Death's Door                       Charms/Necromancy            8
   Necromutation                      Transmutation/Necromancy     8


   Skills:
 - Level 7.7 Fighting
 + Level 17.6 Polearms
 - Level 2.0 Throwing
 - Level 11.7 Dodging


You had 10 spell levels left.
You didn't know any spells.

Dungeon Overview and Level Annotations

Branches:
Dungeon (9/15)             Temple (0/1) D:5            Lair (1/8) D:9
    Orc: D:9-12

Altars:
Dithmenos
Elyvilon
Fedhas
Makhleb
Okawaru
Vehumet
Zin

Shops:
D:7 }

Annotations:
D:5 ciphuk's ghost, experienced MiBe
Lair:1 Gastronok


Innate Abilities, Weirdness & Mutations

You revert to your normal form in water.
You are very nimble and swift while swimming.
You are surrounded by a mild repulsion field (EV +2).


Message History

Gastronok chants a spell, wobbling all the while.
Your legs wobble like jelly.
You slash the black bear!
You kill the black bear!
Your oklob plant spits acid at Gastronok.
The splash of acid hits Gastronok.
You see here a black bear corpse.
A crocodile comes into view.
The splash of acid hits Gastronok.
Gastronok gurgles, "It's true, you are what you eat."
Gastronok's eyestalks quiver as he mumbles some strange words.
The crocodile bites you!
* * * LOW HITPOINT WARNING * * *
You see here an adder skeleton.
There is a staircase back to the Dungeon here.
Drink which item? (? for menu, Esc to quit)
You feel protected.
It was a potion of resistance.
The crocodile bites you!
You die...
Fedhas appreciates your contribution to the ecosystem.

..... .......♣%..
#.................
##...............U.
P.................
#.................
#.................
#..............j..
#.................
#@t%..............
#..%....r.........
##.................
#.......r..........
##............j%)..
#................%
#.........%.......
#.....f...%.......
##.......f...%.....


You could see a crocodile, a green rat and a quokka.

Vanquished Creatures
  Erica (Lair:1)
  A deep elf knight (Bailey)
  Pikel (D:5)
  Psyche (D:8)
  A deep elf priest (Bailey)
  Prince Ribbit (D:8)
  A yak (Lair:1)
  4 deep elf magi
  A hill giant zombie (D:8)
  Eustachio (D:5)
  4 deep elf fighters (Bailey)
  A wolf (Lair:1)
  A water moccasin (Lair:1)
  A phantom (D:3)
  2 slaves (D:4)
  Purgy (Sewer)
  2 ice beasts
  A black bear (Lair:1)
  2 giant goldfish (D:6)
  3 sky beasts
  An orc warrior (D:8)
  3 ogres
  A crocodile (D:9)
  Sigmund (D:4)
  Duvessa (D:6)
  2 centaurs
  2 giant frogs
  A big kobold (D:9)
  3 scorpions
  4 killer bees
  4 wights (D:9)
  A goliath beetle (D:8)
  Dowan (D:6)
  7 crimson imps
  2 electric eels (D:6)
  A centaur skeleton (D:6)
  Crazy Yiuf (D:5)
  A hound (D:6)
  2 jellies (D:7)
  4 orc wizards
  3 orc priests
  9 worker ants
  2 orange rats (D:5)
  5 iguanas
  Ijyb (D:3)
  11 green rats
  14 adders
  A scorpion zombie (D:5)
  2 giant mites
  An inept feature mimic (D:3)
  3 worms
  A goliath beetle zombie (D:7)
  2 shadow imps
  An orc zombie (D:8)
  An iguana skeleton (D:6)
  5 giant geckos
  3 oozes
  23 orcs
  5 ball pythons
  16 bats
  15 goblins
  9 hobgoblins
  19 jackals
  20 kobolds
  5 quokkas
  6 giant cockroaches
  6 giant newts
  A hobgoblin skeleton (D:5)
  A kobold zombie (D:5)
  36 rats
  A rat zombie (D:8)
302 creatures vanquished.

Vanquished Creatures (collateral kills)
  2 giant fireflies (Lair:1)
  A grizzly bear (Lair:1)
3 creatures vanquished.

Vanquished Creatures (others)
  A slave (D:5)
  A sky beast zombie (D:7)
  A plant (Bailey)
  59 toadstools
62 creatures vanquished.

Grand Total: 367 creatures vanquished

Notes
Turn   | Place    | Note
--------------------------------------------------------------
     0 | D:1      | Qrupt, the Merfolk Gladiator, began the quest for the Orb.
     0 | D:1      | Reached XP level 1. HP: 16/16 MP: 1/1
   150 | D:1      | Reached skill level 5 in Polearms
   153 | D:1      | Reached XP level 2. HP: 16/22 MP: 2/2
   552 | D:1      | Reached XP level 3. HP: 22/27 MP: 3/3
   555 | D:1      | Reached skill level 6 in Polearms
  1310 | D:2      | Found an iron altar of Okawaru.
  1393 | D:2      | Reached XP level 4. HP: 33/33 MP: 4/4
  1397 | D:2      | Reached skill level 7 in Polearms
  1815 | D:3      | HP: 1/33 [orc priest/divine providence (14)]
  2161 | D:3      | Reached skill level 8 in Polearms
  2161 | D:3      | Reached XP level 5. HP: 27/38 MP: 5/5
  2165 | D:3      | Found a glowing drain.
  2215 | Sewer    | Entered a sewer
  2310 | Sewer    | Noticed Purgy
  2347 | Sewer    | Killed Purgy
  2347 | Sewer    | Reached skill level 9 in Polearms
  2347 | Sewer    | Reached XP level 6. HP: 35/44 MP: 6/6
  2561 | D:3      | Noticed a phantom
  2601 | D:3      | Killed a phantom
  2601 | D:3      | Reached skill level 10 in Polearms
  2947 | D:3      | Noticed Ijyb
  2965 | D:3      | Killed Ijyb
  3301 | D:4      | Gained mutation: You are surrounded by a mild repulsion field (EV +2). [potion of beneficial mutation]
  3313 | D:4      | Reached XP level 7. HP: 15/50 MP: 7/7
  3641 | D:4      | Noticed Sigmund
  3672 | D:4      | Killed Sigmund
  3672 | D:4      | Reached skill level 11 in Polearms
  4381 | D:4      | Found a blossoming altar of Fedhas.
  4403 | D:4      | Became a worshipper of Fedhas Madash
  4608 | D:5      | Entered Level 5 of the Dungeon
  4614 | D:5      | Noticed Eustachio
  4710 | D:5      | Killed Eustachio
  4710 | D:5      | Reached skill level 12 in Polearms
  5059 | D:5      | Noticed ciphuk's ghost (experienced MiBe)
  5338 | D:5      | Reached XP level 8. HP: 56/56 MP: 8/8
  5342 | D:5      | Found a staircase to the Ecumenical Temple.
  5526 | D:5      | Reached skill level 5 in Dodging
  5896 | D:5      | Acquired Fedhas' first power
  6252 | D:5      | Acquired Fedhas' second power
  6317 | D:5      | Noticed Pikel
  6344 | D:5      | Killed Pikel
  6568 | D:5      | Reached skill level 10 in Dodging
  6568 | D:5      | Reached XP level 9. HP: 17/61 MP: 9/9
  6881 | D:5      | Noticed Crazy Yiuf
  6889 | D:5      | Killed Crazy Yiuf
  7074 | D:6      | Found a glowing silver altar of Zin.
  7435 | D:6      | Noticed Duvessa
  7459 | D:6      | Noticed Dowan
  7467 | D:6      | Killed Duvessa
  7479 | D:6      | Killed Dowan
  7920 | D:7      | Found a white marble altar of Elyvilon.
  7986 | D:7      | Found a burning altar of Makhleb.
  7986 | D:7      | Noticed a blizzard demon
  8032 | D:7      | Noticed an orange demon
  8174 | D:7      | Found Shreprim's Gadget Emporium.
  8292 | D:7      | Reached skill level 5 in Fighting
  9612 | D:8      | Noticed Prince Ribbit
  9616 | D:8      | Killed Prince Ribbit
  9616 | D:8      | Reached XP level 10. HP: 78/80 MP: 10/10
  9694 | D:8      | Noticed Psyche
  9703 | D:8      | Paralysed by Psyche for 4 turns
  9708 | D:8      | Killed Psyche
  9708 | D:8      | Reached skill level 13 in Polearms
  9715 | D:8      | Found a shadowy altar of Dithmenos.
  9907 | D:8      | Acquired Fedhas' third power
 10270 | D:9      | Found a staircase to the Lair.
 10282 | D:9      | Reached skill level 14 in Polearms
 10488 | D:9      | Found a radiant altar of Vehumet.
 10560 | D:9      | Found a flagged portal.
 10585 | Bailey   | Entered a bailey
 10788 | Bailey   | Reached skill level 15 in Polearms
 11134 | Bailey   | Reached skill level 16 in Polearms
 11162 | Bailey   | Noticed a deep elf knight
 11332 | Bailey   | Killed a deep elf knight
 11332 | Bailey   | Reached XP level 11. HP: 63/85 MP: 11/11
 11428 | Bailey   | Identified Sif Muna's Catalogue of Moulding
 11617 | Lair:1   | Entered Level 1 of the Lair of Beasts
 11675 | Lair:1   | Noticed Erica
 11692 | Lair:1   | Killed Erica
 11692 | Lair:1   | Reached skill level 17 in Polearms
 11820 | Lair:1   | Noticed Gastronok
 11878 | Lair:1   | Slain by a crocodile

Action                   |  1- 3 |  4- 6 |  7- 9 | 10-12 || total
-------------------------+-------+-------+-------+-------++-------
Melee: Trident           |   150 |   194 |   752 |       ||  1096
       Glaive            |       |       |    86 |   317 ||   403
Throw: Stone             |       |       |     8 |       ||     8
Invok: Sunlight          |       |       |     3 |     1 ||     4
       Evolution         |       |       |       |     2 ||     2
       Growth            |       |       |       |     1 ||     1
Evoke: Wand              |       |       |     3 |     2 ||     5
  Use: Scroll            |       |    11 |       |     1 ||    12
       Potion            |       |     6 |     4 |     1 ||    11
 Stab: Sleeping          |     1 |       |       |       ||     1
       Distracted        |       |       |       |     2 ||     2
